[Event "Early-Titled-Tuesday-Blitz-September-05-2023"]
[Site "Chess.com"]
[Date "2023.09.05"]
[Round "3"]
[White "Msb2"]
[Black "Iball95"]
[Result "1-0"]
[WhiteElo "3106"]
[BlackElo "2813"]
[TimeControl "180+1"]
[EndTime "8:27:46 PDT"]
[Termination "Msb2 won by checkmate"]

1. d4 d5 2. c4 e6 3. Nc3 c5 4. cxd5 cxd4 5. Qxd4 Nc6 6. Qd1 exd5 7. Qxd5 Bd6 8. g3 Nf6 9. Qd1 O-O 10. Bg2 Qe7 11. Nf3 Bf5 12. O-O Rfd8 13. Bd2 Ne4 14.
Nh4 Nxc3 15. Bxc3 Be4 16. Bxe4 Qxe4 17. Qd3 Qxd3 18. exd3 Be5 19. Rad1 Rac8 20. Nf3 Bxc3 21. bxc3 Na5 22. c4 Nc6 23. a3 Rd7 24. d4 Na5 25. c5 Rcd8 26. Rfe1 f6 27. Re3 Kf7 28. Red3 Rd5 29.
Ne1 Nc4 30. Rb1 b6 31. cxb6 axb6 32. Nc2 Ra5 33. Ne3 Nxa3 34. Rxb6 Nb5 35. Rb7+ Kg6 36. d5 Nd6 37. Re7 h5 38. Kg2 Rb5 39. h4 Rb4 40.
Kf3 Ra4 41. Ng2 Kh6 42. Re6 Nf5 43. Ne3 Nd4+ 44. Rxd4 Rxd4 45. Nf5+ Kg6 46. Nxd4 Rxd5 47. Re4 Ra5 48. Ne2 Ra3+ 49. Re3 Ra5 50. Nf4+ Kh6 51. Rd3 Rb5 52. Rd5 Rb3+ 53. Kg2 g6 54. Rd6 Kg7 55. Rd7+ Kh6 56. Nd5 f5 57. Ne7 g5 58. Nxf5+ Kg6 59. Nd4 Rd3 60. Rd6+ Kf7 61. hxg5 Rxd4 62. Rxd4 Kg6 63. Rh4 Kf5 64. f3 Kxg5 65. Kf2 Kg6 66.
Ke3 Kg5 67. Ke4 Kg6 68. f4 Kh6 69. Kf5 Kh7 70. Kf6 Kh6 71. Kf7 Kh7 72. g4 Kh8 73. g5 Kh7 74. f5 Kh8 75. f6 Kh7 76. Rxh5# 1-0

[Event "Early-Titled-Tuesday-Blitz-September-05-2023"]
[Site "Chess.com"]
[Date "2023.09.05"]
[Round "3"]
[White "Semetey"]
[Black "Kapibara_Warri0r"]
[Result "0-1"]
[WhiteElo "2589"]
[BlackElo "2470"]
[TimeControl "180+1"]
[EndTime "8:27:46 PDT"]
[Termination "Kapibara_Warri0r won on time"]

1. Nf3 Nf6 2. g3 d5 3. Bg2 c5 4.
c4 Nc6 5. cxd5 Nxd5 6. O-O e5 7. Nc3 Be6 8. Qa4 Nb6 9. Qc2 Be7 10. Ne4 Rc8 11. d3 O-O 12. Neg5 Bd5 13. e4 Nb4 14. Qe2 Bc6 15. Rd1 Bb5 16. h4 Qd6 17. Ne1 Rfd8 18. Qh5 Qg6 19. Qxg6 hxg6 20. Bf1 c4 21. a3 Nxd3 22. Nxd3 cxd3 23. b3 f6 24. Nf3 Rc3 25. Nd2 Bc5 26. Bb2 Rc2 27. Rab1 a5 28. Bg2 Kf7 29. Bf3 Ke6 30. Bg4+ f5 31. Bf3 Rf8 32.
exf5+ gxf5 33. Bxb7 e4 34. b4 axb4 35. axb4 Bxb4 36.
Bxg7 Rf7 37. Rxb4 Rxg7 38. Rxb5 Rxb7 39. Nc4 Rxc4 40. Rdb1 d2 41. Kf1 Rc1+ 0-1

[Event "Early-Titled-Tuesday-Blitz-September-05-2023"]
[Site "Chess.com"]
[Date "2023.09.05"]
[Round "3"]
[White "ljm509"]
[Black "ozates"]
[Result "0-1"]
[WhiteElo "2312"]
[BlackElo "2565"]
[TimeControl "180+1"]
[EndTime "8:27:46 PDT"]
[Termination "ozates won on time"]

1. e4 c5 2. Nf3 e6 3. d4 cxd4 4.
Nxd4 Nc6 5. Nc3 Nf6 6. Nxc6 bxc6 7. Bd3 d5 8. O-O Bc5 9. Re1 O-O 10. e5 Nd7 11.
Qh5 g6 12. Qh6 Re8 13. Bg5 Qb6 14. Na4 Qa5 15. Nxc5 Qxc5 16. Re3 Qf8 17. Qh4 Rb8 18. Rh3 h5 19. Qg3 Qg7 20. Bf6 Qh6 21. Bg5 Qh7 22. b3 Rb4 23. f3 Qg7 24. c3 Nxe5 25. Bf1 Rb6 26. Re1 Nd7 27. f4 Ba6 28. c4 dxc4 29.
bxc4 Rb2 30. f5 Bxc4 31. f6 Nxf6 32. Bxc4 Ng4 33. Qf4 Rc2 34. Bb3 Rc5 35. Rf3 Rf5 36. Qe3 Nxe3 0-1

[Event "Early-Titled-Tuesday-Blitz-September-05-2023"]
[Site "Chess.com"]
[Date "2023.09.05"]
[Round "3"]
[White "FormerProdigy"]
[Black "CSB7"]
[Result "1-0"]
[WhiteElo "2879"]
[BlackElo "2697"]
[TimeControl "180+1"]
[EndTime "8:27:47 PDT"]
[Termination "FormerProdigy won by resignation"]

1. d4 Nf6 2. c4 e6 3. Nc3 Bb4 4. e3 O-O 5. Bd3 Re8 6. Nf3 Bxc3+ 7. bxc3 d6 8. O-O e5 9. dxe5 dxe5 10. Nxe5 Qe7 11. Nf3 Bg4 12. h3 Bxf3 13. Qxf3 Nc6 14. Qe2 Rad8 15. Bb2 Ne5 16. Bc2 Qc5 17. Bb3 Nd3 18.
Rad1 Nxb2 19. Qxb2 b6 20. Rd4 Qe7 21. Ba4 c5 22. Rdd1 Rxd1 23. Rxd1 Rd8 24. Qb1 g6 25. Bc6 Kg7 26. Rxd8 Qxd8 27. Bd5 Qe7 28. Qd3 h5 29. f4 Ne8 30. g3 f5 31. e4 fxe4 32. Qxe4 Qd8 33. Qe5+ Nf6 34. g4 hxg4 35. hxg4 Kh7 36. g5 Nxd5 37. cxd5 Qd7 38. Kf2 Qh3 39. Qe7+ Kh8 40. Qf8+ Kh7 41. Qf7+ Kh8 42. Qf8+ Kh7 43. Qh6+ Qxh6 44. gxh6 1-0

[Event "Early-Titled-Tuesday-Blitz-September-05-2023"]
[Site "Chess.com"]
[Date "2023.09.05"]
[Round "3"]
[White "ErikRonka"]
[Black "Zhigalko_Sergei"]
[Result "0-1"]
[WhiteElo "2505"]
[BlackElo "2893"]
[TimeControl "180+1"]
[EndTime "8:27:47 PDT"]
[Termination "Zhigalko_Sergei won by checkmate"]

1. e4 c5 2. Nf3 Nc6 3. d4 cxd4 4.
Nxd4 Nf6 5. Nc3 e5 6. Ndb5 d6 7. Bg5 a6 8. Na3 b5 9. Nd5 Be7 10. Bxf6 Bxf6 11. c3 Bg5 12. Nc2 Ne7 13. h4 Bh6 14. g3 O-O 15. Bh3 Bb7 16. Ncb4 a5 17. Nxe7+ Qxe7 18. Nd5 Qd8 19. O-O Bc6 20. Qd3 Kh8 21. Rfd1 Rb8 22. Ne3 Bxe3 23. Qxe3 Qe7 24. Rd2 h6 25. Rad1 Rfd8 26. Bg2 Kg8 27. Rd3 Ba8 28.
Qd2 Rb6 29. Qe3 Qc7 30. R3d2 Bb7 31. Bf1 Bc8 32. f3 Be6 33. b3 Rbb8 34. c4 bxc4 35. Bxc4 Bxc4 36. Rc2 Rb4 37. Rdc1 d5 38. exd5 Rxd5 39.
Rxc4 Rxc4 40. Rxc4 Qd7 41. Rc2 Qh3 42. f4 Rd1+ 43.
Kf2 Qf1# 0-1

[Event "Early-Titled-Tuesday-Blitz-September-05-2023"]
[Site "Chess.com"]
[Date "2023.09.05"]
[Round "3"]
[White "FARIZA2018"]
[Black "AdrianaPalao"]
[Result "1-0"]
[WhiteElo "2527"]
[BlackElo "2073"]
[TimeControl "180+1"]
[EndTime "8:27:47 PDT"]
[Termination "FARIZA2018 won by resignation"]

1. e4 e5 2. Nf3 Nc6 3. Bb5 a6 4. Ba4 Nge7 5. O-O Ng6 6. c3 Be7 7. d4 d6 8. d5 b5 9. dxc6 bxa4 10. Qxa4 O-O 11. Be3 Bg4 12. Nbd2 f5 13. exf5 Bxf5 14. Rad1 Qc8 15. Ng5 h6 16. Qc4+ Kh8 17. Ngf3 Nf4 18.
Bxf4 exf4 19. Rfe1 Qd8 20. Nd4 Bg4 21. f3 Bc8 22.
Ne6 Bxe6 23. Rxe6 Bh4 24. Nb3 Re8 25. Nd4 Qg5 26. Qe2 Qh5 27. Qe4 Qf7 28. Kf1 Rab8 29.
b3 Kg8 30. Rd2 Rxe6 31. Qxe6 Re8 32. Qxf7+ Kxf7 33. Re2 Bf6 34. Rxe8 Kxe8 35. Ke2 Ke7 36. Kd3 g6 37. c4 Be5 38. b4 Kf6 39. a4 g5 40. a5 h5 41. b5 axb5 42. cxb5 g4 43. a6 1-0

[Event "Early-Titled-Tuesday-Blitz-September-05-2023"]
[Site "Chess.com"]
[Date "2023.09.05"]
[Round "3"]
[White "Goryachkina"]
[Black "topin8"]
[Result "1-0"]
[WhiteElo "2663"]
[BlackElo "2470"]
[TimeControl "180+1"]
[EndTime "8:27:48 PDT"]
[Termination "Goryachkina won on time"]

1. e4 e5 2. Nf3 Nc6 3. Bc4 Nf6 4.
d3 Bc5 5. c3 d6 6. Nbd2 a5 7.
h3 h6 8. Bb3 Be6 9. Ba4 O-O 10.
Nf1 Qb8 11. Ng3 b5 12. Bc2 Qa7 13. O-O Rad8 14. Nh4 Ne7 15. Qf3 Ng6 16. Nhf5 Bxf5 17. Nxf5 Nh7 18. h4 c6 19. Qg3 Nf6 20. Bd1 h5 21. Qg5 Nh7 22. Qxh5 Nf4 23. Bxf4 exf4 24. d4 Bb6 25. Qg4 f6 26. Qxf4 g6 27. Ng3 Qe7 28.
Qg4 Kh8 29. Qxg6 Rg8 30. Qh6 Qf7 31. Bh5 Qg7 32. Qxg7+ Rxg7 33. Nf5 Rgg8 34. Nh6 Rgf8 35. Nf7+ Rxf7 36. Bxf7 Kg7 37. Bh5 d5 38. exd5 Rxd5 39.
Bf3 Rd6 40. Rfe1 Kf7 41. a4 b4 42. Rad1 bxc3 43. bxc3 f5 44. Rb1 c5 45. dxc5 Bxc5 46.
Rb5 Kg6 47. Rxc5 1-0

[Event "Early-Titled-Tuesday-Blitz-September-05-2023"]
[Site "Chess.com"]
[Date "2023.09.05"]
[Round "3"]
[White "Dixit_Nikhil"]
[Black "Gareth-Bale11"]
[Result "0-1"]
[WhiteElo "2489"]
[BlackElo "2792"]
[TimeControl "180+1"]
[EndTime "8:27:49 PDT"]
[Termination "Gareth-Bale11 won by checkmate"]

1. e4 e5 2. Nf3 Nc6 3. Nc3 Nf6 4. d4 exd4 5. Nxd4 Bb4 6. Nxc6 bxc6 7. Bd3 d5 8. exd5 O-O 9. O-O cxd5 10. Bg5 c6 11. Qf3 Rb8 12. Ne2 Bd6 13. Nd4 Bd7 14. Nf5 Bc7 15.
Rae1 Be6 16. h4 Rxb2 17. h5 Bxf5 18. Qxf5 Qc8 19. Qxc8 Rxc8 20. h6 Bd6 21. Re3 Ng4 22. Rh3 Nxh6 23. Bxh6 gxh6 24. Rxh6 Bc5 25. Rxh7 Re8 26. g3 Rxa2 27. Kg2 Ra4 28. Rfh1 Re6 29. Rh8+ Kg7 30. R8h7+ Kf6 31. R1h6+ Ke7 32. Rh5 Bd6 33. Rh8 Ra1 34. Ra8 Rf6 35. f4 Re6 36. Rhh8 Bc5 37.
Rhe8+ Kf6 38. Rh8 Rg1+ 39. Kf3 Re3+ 40. Kf2 Re8+ 41. Kf3 Re3+ 42. Kf2 Rexg3+ 43. Ke2 R3g2+ 44. Kf3 Rf2# 0-1

[Event "Early-Titled-Tuesday-Blitz-September-05-2023"]
[Site "Chess.com"]
[Date "2023.09.05"]
[Round "3"]
[White "play1ngtheangel"]
[Black "MathiasWomacka"]
[Result "1/2-1/2"]
[WhiteElo "2666"]
[BlackElo "2484"]
[TimeControl "180+1"]
[EndTime "8:27:49 PDT"]
[Termination "Game drawn - insufficient material"]

1. e4 c5 2. Nf3 d6 3. d4 cxd4 4. Nxd4 Nf6 5. Nc3 a6 6. Be3 e5 7. Nb3 Be7 8. f3 Be6 9. Qd2 O-O 10. O-O-O Nbd7 11. g4 Qc7 12. Kb1 b5 13. g5 Nh5 14.
Ne2 f5 15. gxf6 Nhxf6 16. Ng3 d5 17. exd5 Nxd5 18. Bh3 Bxh3 19. Qxd5+ Kh8 20. Rhg1 Rac8 21. c3 b4 22. Rc1 Nf6 23. Qd2 bxc3 24. Rxc3 Qb7 25.
Rxc8 Rxc8 26. f4 Ne4 27. Nxe4 Qxe4+ 28. Ka1 Rc2 29. Qe1 Bf6 30. fxe5 Qxe5 31. Bd4 Qxe1+ 32.
Rxe1 h5 33. Bxf6 gxf6 34. a4 Rxh2 35. Nc5 a5 36. Nb7 Bg2 37. Nxa5 Rh1 38. Rxh1 Bxh1 39. Nc4 h4 40. Ne3 h3 41. Ng4 f5 42. Nh2 f4 43.
b4 Kg7 44. b5 Kf6 45. a5 Ke5 46. Kb2 Kd5 47. Kc3 Kc5 48. b6 Kb5 49. Kd4 Kxa5 50.
Ke5 Kxb6 51. Kxf4 Kc5 52. Kg3 Bg2 53. Ng4 Kd4 54. Nf2 Kc5 55. Nxh3 1/2-1/2

[Event "Early-Titled-Tuesday-Blitz-September-05-2023"]
[Site "Chess.com"]
[Date "2023.09.05"]
[Round "3"]
[White "Ginger_GM"]
[Black "Rosh1610"]
[Result "1/2-1/2"]
[WhiteElo "2607"]
[BlackElo "2445"]
[TimeControl "180+1"]
[EndTime "8:27:49 PDT"]
[Termination "Game drawn by agreement"]

1. d4 Nf6 2. Nf3 d5 3. e3 e6 4. b3 Bd6 5. Bb2 O-O 6. Bd3 b6 7.
O-O Bb7 8. Ne5 Nbd7 9. Nd2 Ne4 10. f4 f6 11. Nxd7 Qxd7 12. Nxe4 dxe4 13. Bc4 Bd5 14. Qe2 f5 15. a4 a5 16. Bxd5 exd5 17. c4 c6 18. Rac1 Bb4 19. Rc2 Rac8 20. Rfc1 Bd6 21. cxd5 cxd5 22. Qb5 Qxb5 23. axb5 Rxc2 24. Rxc2 Rb8 25.
Rc6 Bb4 26. Bc3 Bxc3 27. Rxc3 g6 28. Rc7 a4 29. bxa4 Ra8 30. Rc6 Rxa4 31. Rxb6 Ra1+ 32. Kf2 Ra2+ 33. Kg3 Ra3 34. Rd6 Rxe3+ 35. Kh4 Kg7 36. Rxd5 Rb3 37. g4 e3 38. gxf5 e2 39. Re5 Rxb5 40. Rxe2 Rxf5 41. Kg4 Rd5 42. Re1 Rxd4 43. h4 Rd3 44. Re7+ Kg8 45. h5 Rd5 46. hxg6 hxg6 47.
Rc7 1/2-1/2

[Event "Early-Titled-Tuesday-Blitz-September-05-2023"]
[Site "Chess.com"]
[Date "2023.09.05"]
[Round "3"]
[White "stepanosinovsky"]
[Black "Chessbard1972"]
[Result "1-0"]
[WhiteElo "2315"]
[BlackElo "2543"]
[TimeControl "180+1"]
[EndTime "8:27:49 PDT"]
[Termination "stepanosinovsky won by checkmate"]

1. Nf3 Nf6 2. g3 g6 3. Bg2 Bg7 4. O-O O-O 5. d3 d5 6. Nbd2 Nc6 7. e4 e5 8. Re1 Re8 9. c3 a5 10. a4 h6 11. Qb3 dxe4 12. dxe4 b6 13. Nc4 Be6 14.
Bf1 Qc8 15. Qc2 Bg4 16. Nfd2 Bh3 17. Be2 Ng4 18. f3 Nf6 19. Ne3 h5 20. Bb5 Bd7 21. Ndc4 Nh7 22. Nd5 Ne7 23. Ndxb6 cxb6 24. Nxb6 Qb7 25.
Nxd7 Nc6 26. Nc5 Qe7 27. Be3 Rac8 28. Red1 Red8 29. Rxd8+ Nxd8 30. b4 Ne6 31. Nxe6 Qxe6 32. bxa5 h4 33. a6 hxg3 34. hxg3 f5 35. a7 f4 36.
gxf4 exf4 37. Bf2 Ng5 38. Be2 Qh3 39. Qd1 Bxc3 40. Rb1 Kg7 41. Rb8 Rh8 42. Rxh8 Qxh8 43. Qd7+ Kh6 44. Qd5 Nh3+ 45. Kg2 Nxf2 46. a8=Q Qf6 47.
Qad8 Qb6 48. Qh4+ Kg7 49. Qd7+ Kf8 50. Qhe7+ Kg8 51. Qf7+ Kh8 52. Qh7# 1-0

[Event "Early-Titled-Tuesday-Blitz-September-05-2023"]
[Site "Chess.com"]
[Date "2023.09.05"]
[Round "3"]
[White "ejam94"]
[Black "SpongeBob_03"]
[Result "1-0"]
[WhiteElo "2551"]
[BlackElo "2206"]
[TimeControl "180+1"]
[EndTime "8:27:49 PDT"]
[Termination "ejam94 won by resignation"]

1. e4 c5 2. Nf3 d6 3. d4 cxd4 4. Nxd4 Nf6 5. Nc3 g6 6. Be3 Bg7 7. f3 Nc6 8. Qd2 O-O 9. Bc4 Nxd4 10. Bxd4 Be6 11. Bb3 Qa5 12. O-O-O b5 13. Kb1 b4 14.
Nd5 Bxd5 15. exd5 Qb5 16. Qd3 Qxd3 17. Rxd3 Nd7 18. Bf2 Rfc8 19. Re1 Kf8 20. Rd2 a5 21.
Ba4 Ne5 22. Rde2 Bf6 23. Bd4 Rc4 24. Bxe5 Bxe5 25. Bc6 Rc8 26. g3 e6 27. f4 Bf6 28.
Bd7 exd5 29. Bxc8 Rxc8 30. Rd1 d4 31. Kc1 a4 32. Rd3 Rc6 33. Kd2 Rc4 34. Re1 Rc7 35.
Re4 Rc4 36. Re2 Rc7 37. Re1 Rc4 38. b3 axb3 39. axb3 Rc7 40. Ra1 Rc6 41. Ra7 Kg7 42.
Rb7 g5 43. Rxb4 gxf4 44. gxf4 Kg6 45. Rb5 h6 46. Rg3+ Kh7 47. Rf5 Bg7 48. Rxf7 1-0

[Event "Early-Titled-Tuesday-Blitz-September-05-2023"]
[Site "Chess.com"]
[Date "2023.09.05"]
[Round "3"]
[White "Nf3c5"]
[Black "viktorgen2021"]
[Result "0-1"]
[WhiteElo "2604"]
[BlackElo "2460"]
[TimeControl "180+1"]
[EndTime "8:27:51 PDT"]
[Termination "viktorgen2021 won on time"]

1. e4 g6 2. d4 Bg7 3. c3 d6 4. Bd3 Nf6 5. Nf3 O-O 6. O-O Nc6 7. Bg5 e5 8. dxe5 Nxe5 9. Nxe5 dxe5 10. Qc2 Be6 11. Nd2 h6 12. Bh4 Qe8 13. Rfe1 Nh5 14. Bc4 Nf4 15. Rad1 Bxc4 16. Nxc4 Qe6 17. b3 Bf6 18.
Bg3 Rad8 19. f3 Be7 20. Bf2 b6 21. Be3 Qf6 22. g3 Ne6 23. Bxh6 Qxf3 24. Bxf8 Rxf8 25.
b4 Ng5 26. Qg2 Qxc3 27. Ne3 Bxb4 28. Kh1 Bd6 29. Nd5 Qc4 30. h4 Ne6 31. Qe2 Qa4 32. Rd2 Kg7 33. Red1 Rh8 34. Kg2 Nd4 35. Qf2 f5 36.
exf5 Nxf5 37. Ne3 Qe4+ 38. Kg1 Qxe3 39. Rf1 Qxf2+ 40. Kxf2 Bc5+ 41. Kf3 e4+ 42. Kf4 Be3+ 0-1

[Event "Early-Titled-Tuesday-Blitz-September-05-2023"]
[Site "Chess.com"]
[Date "2023.09.05"]
[Round "3"]
[White "leandrojimenez"]
[Black "aranibos"]
[Result "0-1"]
[WhiteElo "2466"]
[BlackElo "2275"]
[TimeControl "180+1"]
[EndTime "8:27:51 PDT"]
[Termination "aranibos won on time"]

1. d4 Nf6 2. c4 e6 3. g3 c5 4.
Nf3 a6 5. Bg2 cxd4 6. Nxd4 Nc6 7. O-O Bc5 8. Nb3 Be7 9. Nc3 O-O 10. Bf4 d6 11. Qd2 e5 12. Bg5 Be6 13. Bxf6 Bxf6 14.
Nd5 Bxd5 15. Bxd5 Rc8 16. Rfd1 Be7 17. Rac1 Kh8 18. Na1 Qc7 19. Nc2 f5 20. e3 Rcd8 21. f4 e4 22. b4 Bf6 23. b5 Ne7 24. a4 Nxd5 25. Qxd5 axb5 26. axb5 Qb6 27. Nb4 Qxe3+ 28. Kg2 Qe2+ 29. Kh1 Qf3+ 30. Kg1 Rd7 31. Qd2 Bd8 32. Nd5 Re8 33. Qg2 Qb3 34. Re1 Ba5 35. Re2 h6 36. g4 fxg4 37. Qxg4 e3 38. f5 Rg8 39. Kh1 Bd2 40. Rg1 Rf7 41. Qg6 Rgf8 42. f6 Bc3 43. fxg7+ Bxg7 44. Qe4 Qa3 45. h3 Qc5 46. Ne7 d5 47.
Ng6+ Kg8 48. cxd5 Qxb5 0-1

[Event "Early-Titled-Tuesday-Blitz-September-05-2023"]
[Site "Chess.com"]
[Date "2023.09.05"]
[Round "3"]
[White "vladoboch"]
[Black "AndreiITrifan"]
[Result "0-1"]
[WhiteElo "2425"]
[BlackElo "2608"]
[TimeControl "180+1"]
[EndTime "8:27:56 PDT"]
[Termination "AndreiITrifan won by resignation"]

1. e4 e5 2. Nf3 Nc6 3. Bc4 Bc5 4. c3 Nf6 5. d3 d6 6. Nbd2 a6 7. Bb3 Ba7 8. Nf1 Ng4 9. Ne3 O-O 10. O-O Nxe3 11. Bxe3 h6 12. d4 Bg4 13. d5 Ne7 14. Bxa7 Rxa7 15. h3 Bh5 16. Bc2 Ra8 17.
c4 Qd7 18. b4 a5 19. Ba4 Bxf3 20. Bxd7 Bxd1 21. Rfxd1 axb4 22. Rdb1 h5 23. Rxb4 Rfd8 24. Ba4 b6 25. Bb5 Ra5 26. a4 Nc8 27. Rf1 Na7 28. f4 exf4 29. Rxf4 Nxb5 30. cxb5 Rda8 31. Rc4 R8a7 32.
Rf3 Rxa4 33. Rfc3 Rxc4 34. Rxc4 f6 35. Kf2 Kf7 36. Ke3 Ke7 37. Kf4 g6 38. g4 hxg4 39. hxg4 Kd7 40. Rc3 Ra5 41. Rb3 Ra1 42. Rh3 Rf1+ 43.
Ke3 Rg1 44. Kf3 Rb1 45. Rh7+ Kc8 46. Rh8+ Kb7 47. Rf8 g5 48. Rxf6 Rf1+ 49. Kg3 Rxf6 0-1

[Event "Early-Titled-Tuesday-Blitz-September-05-2023"]
[Site "Chess.com"]
[Date "2023.09.05"]
[Round "3"]
[White "Mr_Lion22"]
[Black "SCIM"]
[Result "0-1"]
[WhiteElo "2420"]
[BlackElo "2606"]
[TimeControl "180+1"]
[EndTime "8:27:56 PDT"]
[Termination "SCIM won by checkmate"]

1. d4 Nf6 2. c4 e6 3. Nc3 Bb4 4. f3 d5 5. a3 Bxc3+ 6. bxc3 O-O 7.
cxd5 exd5 8. e3 c5 9. Bd3 b6 10. Ne2 Ba6 11. O-O Bxd3 12. Qxd3 Re8 13. g4 Nc6 14.
Ng3 Rc8 15. Ra2 c4 16. Qb1 Na5 17.
g5 Nd7 18. e4 Nb3 19. e5 b5 20. f4 a5 21. Nf5 Rc6 22. Nd6 Rxd6 23. exd6 Nb6 24.
f5 Na4 25. Rc2 Qxd6 26. f6 Re4 27. fxg7 Rg4+ 28. Rg2 Qe6 29. Qc2 b4 30. axb4 axb4 31. cxb4 Rxg2+ 32. Qxg2 Nxd4 33. Qf2 Ne2+ 34. Kh1 d4 35.
Bf4 d3 36. b5 c3 37. Bc7 d2 38. Qg2 c2 39. Qa8+ Kxg7 40. Qxa4 d1=Q 41. Rxd1 cxd1=Q+ 42. Qxd1 Qe4# 0-1

[Event "Early-Titled-Tuesday-Blitz-September-05-2023"]
[Site "Chess.com"]
[Date "2023.09.05"]
[Round "3"]
[White "Aevengho"]
[Black "Aleksandar-Topalov"]
[Result "1-0"]
[WhiteElo "2535"]
[BlackElo "2361"]
[TimeControl "180+1"]
[EndTime "8:27:56 PDT"]
[Termination "Aevengho won by resignation"]

1. e4 e6 2. Nc3 d5 3. Nf3 Nf6 4.
e5 Ng8 5. d4 Ne7 6. h4 h5 7.
Bg5 b6 8. Qd2 Ba6 9. Nb5 Qd7 10.
a4 Nf5 11. Bd3 c6 12. Bxf5 cxb5 13. axb5 Bxb5 14. Bd3 Bxd3 15. Qxd3 Nc6 16. c3 Na5 17.
O-O Nc4 18. b3 Na5 19. c4 Nc6 20. Rfc1 Nb4 21. Qe2 Be7 22. c5 O-O 23. Bxe7 Qxe7 24. Qb5 bxc5 25. Rxc5 Rab8 26. Qa5 Rb7 27. Rac1 Nd3 28.
Rc7 Nxc1 29. Rxe7 Rxe7 30. Qc5 Rb7 31. Qxc1 Rxb3 32. Qc7 Ra3 33. Qe7 Ra1+ 34. Kh2 a5 35. Qg5 g6 36. g4 Ra3 37. Kg2 hxg4 38. Qxg4 Kg7 39. h5 Rg8 40. hxg6 Kf8 41. Nh4 a4 42.
Qf4 Rg7 43. Qf6 Ke8 44. Qxg7 fxg6 45. Nxg6 1-0

[Event "Early-Titled-Tuesday-Blitz-September-05-2023"]
[Site "Chess.com"]
[Date "2023.09.05"]
[Round "3"]
[White "Heinza9"]
[Black "olderson"]
[Result "0-1"]
[WhiteElo "2269"]
[BlackElo "2494"]
[TimeControl "180+1"]
[EndTime "8:27:56 PDT"]
[Termination "olderson won on time"]

1. e4 d6 2. d4 Nf6 3. Nc3 e5 4. Nf3 Nbd7 5. dxe5 dxe5 6. Bc4 Be7 7. O-O O-O 8. h3 c6 9. a4 Qc7 10. Bg5 a5 11. Qe2 Nc5 12. Rfe1 Ne6 13. Be3 Bb4 14.
Bg5 Nxg5 15. Nxg5 h6 16. Nf3 Bxc3 17. bxc3 Nd7 18. Nh4 Nb6 19. Nf5 Nxc4 20. Qxc4 Be6 21. Qe2 Rad8 22. g4 Qb6 23. Rab1 Qc5 24. Qe3 Qxe3 25.
Rxe3 Rd7 26. Kf1 Rfd8 27. Ke1 Kh7 28. h4 g6 29. Ng3 Bxg4 30. f3 Be6 31. Nf1 g5 32. hxg5 hxg5 33. Ng3 Kg6 34. Kf2 Rd2+ 35. Re2 Rxe2+ 36. Nxe2 Rd7 37. Ke3 Bc4 38. Rg1 Bxe2 39. Kxe2 b5 40. axb5 cxb5 41. Rb1 Rb7 42. Kd3 f5 43. Ke3 f4+ 44. Kd3 g4 45. fxg4 Kg5 46. c4 bxc4+ 47. Kxc4 Rxb1 0-1

[Event "Early-Titled-Tuesday-Blitz-September-05-2023"]
[Site "Chess.com"]
[Date "2023.09.05"]
[Round "3"]
[White "jk13"]
[Black "JoliyRoger"]
[Result "1-0"]
[WhiteElo "2688"]
[BlackElo "2477"]
[TimeControl "180+1"]
[EndTime "8:27:57 PDT"]
[Termination "jk13 won on time"]

1. e4 c6 2. Nc3 d5 3. Nf3 Nf6 4. e5 Ne4 5. Ne2 e6 6. d3 Nc5 7. Ng3 Ncd7 8. d4 b6 9. c4 Ba6 10. b3 b5 11. cxd5 cxd5 12. Bd3 b4 13. Bxa6 Nxa6 14.
O-O Nc7 15. Bg5 Be7 16. Bxe7 Qxe7 17. Nh5 O-O 18. Qd2 a5 19. Qf4 Nb5 20. Qg4 f5 21. exf6 Nxf6 22. Nxf6+ Rxf6 23. Rae1 Nc3 24. Re5 Raf8 25.
Ng5 Rf5 26. Nxe6 Rxe5 27. dxe5 Re8 28. Ng5 Qxe5 29. h4 h6 30. Nf3 Qe4 31. Qd7 d4 32.
Kh1 d3 33. Re1 Ne2 34. Rd1 Re7 35. Qd8+ Kh7 36. Qxd3 Qxd3 37. Rxd3 Nc3 38. a3 Re2 39. axb4 axb4 40. Rd4 Rxf2 41. Rxb4 Ne2 42. Kh2 Nc1 43. Rb5 1-0

[Event "Early-Titled-Tuesday-Blitz-September-05-2023"]
[Site "Chess.com"]
[Date "2023.09.05"]
[Round "3"]
[White "malakismayil"]
[Black "hansen"]
[Result "0-1"]
[WhiteElo "2502"]
[BlackElo "2864"]
[TimeControl "180+1"]
[EndTime "8:27:58 PDT"]
[Termination "hansen won on time"]

1. e4 e5 2. Nf3 Nc6 3. Bc4 Bc5 4. d3 d6 5. Nc3 a6 6. h3 h6 7. Be3 Bb4 8. a3 Bxc3+ 9. bxc3 Nf6 10.
Bb3 O-O 11. O-O Ne7 12. Qd2 Kh7 13. Rae1 Ng6 14. Nh2 Nh5 15. d4 Qe7 16. Kh1 Nhf4 17. Bxf4 Nxf4 18. Qe3 Bd7 19. Nf3 Rae8 20. dxe5 dxe5 21.
Rd1 Bb5 22. Rfe1 Qf6 23. Kh2 Qe7 24. g3 Nh5 25. Nh4 g6 26. Bd5 Nf6 27. Ng2 Nxd5 28. exd5 f5 29. f4 e4 30. Qd4 Qxa3 31. c4 Bd7 32.
Ne3 Qe7 33. Rb1 Rb8 34. c5 g5 35. Rf1 Kg6 36. Nc4 Kh7 37. Ne5 Be8 38. d6 Qg7 39.
d7 Bh5 40. Rbe1 Rbd8 41. g4 Bg6 42. fxg5 hxg5 43. c3 c6 0-1

[Event "Early-Titled-Tuesday-Blitz-September-05-2023"]
[Site "Chess.com"]
[Date "2023.09.05"]
[Round "3"]
[White "KejJaj"]
[Black "OlaaLa"]
[Result "0-1"]
[WhiteElo "2202"]
[BlackElo "2436"]
[TimeControl "180+1"]
[EndTime "8:27:58 PDT"]
[Termination "OlaaLa won on time"]

1. d4 f5 2. e4 fxe4 3. Nc3 Nf6 4. Bg5 Nc6 5. d5 Ne5 6. Qe2 c6 7. f4 Nf7 8. Bxf6 gxf6 9. Qxe4 d6 10. O-O-O c5 11.
Be2 f5 12. Qe3 Bg7 13. Nf3 Bd7 14. Ng5 Nxg5 15. fxg5 O-O 16. h4 f4 17. Qf3 Qa5 18. Nb1 Qxa2 19. c3 Bf5 20. Bd3 a5 21. h5 a4 22. h6 Be5 23. Bxf5 Rxf5 24. g6 a3 25. Rd2 Qc4 26. gxh7+ Kxh7 27. Qg4 axb2+ 28. Rxb2 Raf8 29. Rc2 Qxd5 30. Rh5 Qf7 31. Rxf5 Qxf5 32. Qh4 Qf6 33. Qh3 Qxh6 34. Qxh6+ Kxh6 35. Rf2 Kg5 36. Kc2 Kg4 37. Kd3 d5 38. Nd2 c4+ 39. Kc2 e6 40. Nf3 Bg7 41. Re2 Kg3 42. Rxe6 Kxg2 43. Nh4+ Kf2 44. Kd2 Ra8 45. Rg6 Ra2+ 46. Kd1 Ra1+ 47. Kc2 Rg1 0-1

[Event "Early-Titled-Tuesday-Blitz-September-05-2023"]
[Site "Chess.com"]
[Date "2023.09.05"]
[Round "3"]
[White "ContrVersia"]
[Black "Stouuf"]
[Result "1/2-1/2"]
[WhiteElo "2923"]
[BlackElo "2626"]
[TimeControl "180+1"]
[EndTime "8:27:59 PDT"]
[Termination "Game drawn by repetition"]

1. Nf3 Nf6 2. c4 g6 3. g3 Bg7 4. Bg2 O-O 5. O-O d6 6. d4 c6 7.
Nc3 Nbd7 8. e4 e5 9. h3 exd4 10.
Nxd4 Qb6 11. Re1 Ne8 12. Nb3 Qb4 13. Bf1 Nc5 14. Nxc5 Qxc5 15. Be3 Qb4 16. Qc2 f5 17. a3 Qa5 18. b4 Qe5 19. Rac1 fxe4 20. Qxe4 Bf5 21.
Qxe5 Bxe5 22. Bg2 Nf6 23. g4 Bd7 24. f4 Bxc3 25. Rxc3 Rfe8 26. Rd1 d5 27. Bd4 Ne4 28. Re3 Kf7 29. Be5 Be6 30. Bxe4 dxe4 31. Rxe4 a5 32.
b5 cxb5 33. cxb5 Rac8 34. Kf2 Rc2+ 35. Kf3 Rc5 36. Re3 Rxb5 37. Rc3 Bd5+ 38. Kg3 Bc6 39. Rd6 Re6 40. Rcd3 Rxd6 41. Bxd6 Rd5 42. Rxd5 Bxd5 43.
Bc7 a4 44. Be5 Bc6 45. f5 gxf5 46. gxf5 Bd7 47. Kf4 Be8 48. h4 Bd7 49. Bc3 Be8 50.
Ke5 Bd7 51. f6 Bc6 52. Kd6 h5 53. Kc7 Bf3 54. Kb6 Bc6 55. Ka5 Ke6 56. Bd4 Kf7 57.
Bc3 Ke6 58. Bd4 Kf7 59. Bc3 1/2-1/2

[Event "Early-Titled-Tuesday-Blitz-September-05-2023"]
[Site "Chess.com"]
[Date "2023.09.05"]
[Round "3"]
[White "fastestmindalive"]
[Black "Mesa_1"]
[Result "0-1"]
[WhiteElo "2708"]
[BlackElo "2576"]
[TimeControl "180+1"]
[EndTime "8:27:59 PDT"]
[Termination "Mesa_1 won on time"]

1. e4 e5 2. Nf3 Nc6 3. d4 exd4 4. Bc4 Nf6 5. e5 d5 6. Bb5 Nd7 7. O-O Be7 8. Bxc6 bxc6 9. Nxd4 Nb8 10. c4 O-O 11.
Nc3 c5 12. Ndb5 d4 13. Ne4 Nc6 14. Bf4 Be6 15. Na3 a5 16. b3 h6 17. Nb5 Qd7 18.
Re1 a4 19. h3 Nb4 20. Qd2 Kh7 21. Bg3 Bf5 22. e6 fxe6 23. Nxc7 Rad8 24. Rad1 axb3 25. axb3 d3 26. Nb5 Nc2 27. Ned6 Nxe1 28. Rxe1 Bg6 29. Be5 Bf6 30. f4 Qe7 31. Re3 Bxe5 32.
fxe5 Qg5 33. Rxd3 Bxd3 34. Qxd3+ Kg8 35. Qe2 Qc1+ 36. Kh2 Qf4+ 37. Kg1 Ra8 38. Qe1 Ra2 39. Nc7 Rf2 40. Nxe6 Rf1+ 41. Qxf1 Qxf1+ 42. Kh2 Ra8 43. Ne4 Ra2 0-1